 Dungeon Crawl Stone Soup version 0.27-a0-1196-g3e9cee4cb2 (webtiles) character file.

Game seed: 11811969346020381785

296 robertstho the Skirmisher (level 6, -1/66 HPs)
             Began as an Octopode Berserker on May 27, 2021.
             Was a Priest of Trog.
             Slain by an orc
             ... wielding a +2 vorpal flail
              (8 damage)
             ... on level 4 of the Dungeon.
             The game lasted 00:03:55 (3624 turns).

robertstho the Skirmisher (Octopode Berserker)      Turns: 3624, Time: 00:03:56

Health: -1/66      AC:  1    Str: 18    XL:     6   Next: 35%
Magic:  6/6        EV: 14    Int:  9    God:    Trog [***...]
Gold:   9          SH:  0    Dex: 12    Spells: 5/5 levels left

rFire    . . .     SeeInvis .   a - +0 short sword
rCold    . . .     Faith    .   (no shield)
rNeg     + . .     Spirit   .   (helmet restricted)
rPois    +         Reflect  .   (no amulet)
rElec    +         Harm     .   g - ring of poison resistance
rCorr    .         Rampage  .   d - ring "Wetaruh" {rElec rN+ Slay+2 Stlth+}
Will     .....                  (no ring)
Stlth    ..........             (no ring)
HPRegen  0.21/turn              (no ring)
MPRegen  0.10/turn              (no ring)
                                (no ring)
                                (no ring)

@: berserking, very quick
A: almost no armour, amphibious, 8 rings, camouflage 1, gelatinous body 1,
(nimble swimmer 1), tentacles
a: Renounce Religion, Berserk, Trog's Hand


You were on level 4 of the Dungeon.
You worshipped Trog.
Trog was most pleased with you.
You visited 1 branch of the dungeon, and saw 4 of its levels.

You collected 149 gold pieces.
You spent 140 gold pieces at shops.

Inventory:

Hand Weapons
 a - a +0 short sword (weapon)
Missiles
 k - 2 throwing nets
 m - 4 curare-tipped darts
Jewellery
 d - the ring "Wetaruh" (right tentacle) {rElec rN+ Slay+2 Stlth+}
   (You acquired it on level 2 of the Dungeon)

   [ring of positive energy]

   It affects your accuracy and damage with ranged weapons and melee attacks
   (+2).
   It insulates you from electricity.
   It protects you from negative energy.
   It makes you more stealthy.
 g - a ring of poison resistance (left tentacle)
Scrolls
 i - a scroll of immolation {unknown}
 j - a scroll of amnesia {unknown}
 n - a scroll of fog {unknown}
Potions
 b - 2 potions of heal wounds {unknown}
 c - a potion of magic {unknown}
 e - 2 potions of curing
 f - a potion of might {unknown}
 h - 2 potions of flight {unknown}
 o - a potion of lignification
 p - 3 potions of brilliance
 q - a potion of degeneration
 r - a potion of attraction


   Skills:
 * Level 4.4 Fighting
 + Level 4.1 Short Blades
 * Level 4.2 Dodging
 * Level 4.2 Stealth


You had 5 spell levels left.
You didn't know any spells.
Your spell library was empty.

Dungeon Overview and Level Annotations

Branches:
Dungeon (4/15)
 Temple: D:4-7

Altars:
Okawaru

Shops:
D:3 [?![

Annotations:
D:3 780 hood


Innate Abilities, Weirdness & Mutations

You cannot wear most types of armour.
You are amphibious.
You can wear up to eight rings at the same time.
Your skin changes colour to match your surroundings (Stealth+).
Your rubbery body absorbs attacks. (AC +1, EV +1)
((You are camouflaged near water. (Stealth+)))
You have tentacles for arms and can constrict up to eight enemies at once.


Message History

You constrict the orc, but do no damage.
The quokka bites you. The orc hits you with a +0 mace! The orc misses you.
You hit the orc but do no damage. You grab the orc. You squeeze the orc.
You kill the orc!
Trog accepts your kill.
You constrict the orc. The quokka bites you.
You hit the orc.
The orc is heavily wounded.
You constrict the orc, but do no damage.
The orc barely misses you. The orc completely misses you.
The quokka completely misses you. The orc closely misses you.
You hit the orc but do no damage.
The orc is heavily wounded.
You constrict the orc. The orc hits you with a +0 club.
The orc hits you with a +0 mace. The quokka barely misses you.
The orc hits you with a +2 vorpal flail.
You are too injured to fight recklessly!
You are too injured to fight recklessly!
You are too injured to fight recklessly!
You are too injured to fight recklessly!
You are too injured to fight recklessly!
You are too injured to fight recklessly!
You are too injured to fight recklessly!
You are too injured to fight recklessly!
Unknown command.
A red film seems to cover your vision as you go berserk!
You feel yourself moving faster!
You feel mighty!
You constrict the orc.
You kill the orc!
Trog accepts your kill. The quokka bites you. The orc hits you with a +0 mace.
The orc hits you with a +2 vorpal flail!
* * * LOW HITPOINT WARNING * * *
x2 You closely miss the orc.
Your grab misses the orc. The quokka bites you.
* * * LOW HITPOINT WARNING * * *
The orc hits you but does no damage.
You puncture the quokka!
You kill the quokka!
Trog accepts your kill.
The orc hits you with a +2 vorpal flail!
You die...

##.. ## ####..###
...##.......###
#..............##
#...............#
#...............##
##.........))o....##
...........@......#
#..........o.....#
#.................#
##.......<.........#
#.................##
#..................#
##.................#
#...)..............
##.................


You could see 2 orcs.

Vanquished Creatures
  A centaur (D:3)
  A hound (D:4)
  2 orc wizards (D:3)
  4 gnolls (D:3)
  An adder (D:3)
  4 dart slugs
  7 orcs
  9 endoplasms
  3 giant cockroaches
  4 goblins
  5 hobgoblins
  11 jackals
  A quokka (D:4)
  8 ball pythons
  6 bats
  4 frilled lizards
  7 kobolds
  2 rats
80 creatures vanquished.

Notes
Turn   | Place    | Note
-------+----------+-------------------------------------------
     0 | D:1      | robertstho the Octopode Berserker began the quest for the
                  | Orb.
     0 | D:1      | Reached XP level 1. HP: 16/16 MP: 1/1
    64 | D:1      | Reached XP level 2. HP: 13/21 MP: 2/2
   383 | D:1      | Reached ** piety under Trog
   490 | D:1      | Reached skill level 1 in Stealth
   494 | D:1      | Reached XP level 3. HP: 26/26 MP: 3/3
  1953 | D:2      | Reached XP level 4. HP: 29/32 MP: 4/4
  2393 | D:3      | Found an iron altar of Okawaru.
  2462 | D:3      | Found a faded altar of an unknown god.
  2536 | D:3      | Found Daral's Distillery.
  2544 | D:3      | Bought a potion of lignification for 30 gold pieces
  2544 | D:3      | Bought a potion of brilliance for 40 gold pieces
  2544 | D:3      | Bought a potion of degeneration for 10 gold pieces
  2544 | D:3      | Bought a potion of curing for 30 gold pieces
  2544 | D:3      | Bought a potion of attraction for 30 gold pieces
  2568 | D:3      | Noticed a centaur
  2576 | D:3      | Killed a centaur
  2577 | D:3      | Reached XP level 5. HP: 9/37 MP: 5/5
  2824 | D:2      | Identified a scroll of acquirement
  2824 | D:2      | Acquired the ring "Wetaruh" {rElec rN+ Slay+2 Stlth+}
  3053 | D:3      | Found Ugret's Magic Scroll Shop.
  3057 | D:3      | Found Qaunwe's Antique Armour Boutique.
  3084 | D:3      | Reached *** piety under Trog
  3249 | D:3      | Reached XP level 6. HP: 36/43 MP: 6/6
  3466 | D:3      | Found Miptyduc's Armour Emporium.
  3624 | D:4      | Slain by an orc

Illustrated notes

Levels and vault maps discovered:
D:1:      kennysheep_arrival_forest, layout_rooms, minivault_11
D:2:      layout_basic, roderic_roman_lattice, kennysheep_generic_room_9
D:3:      layout_basic, okawaru_ov_weapons_minmay,
          shapermc_ecumenical_altar_mp_highgroup, serial_shops,
          nicolae_shop_trees, shop, nicolae_shop_waterfront,
          nicolae_shop_temple_entry_statues_fountains
D:4:      layout_cave_pods, enter_ossuary_3, kennysheep_another_room

Skill      XL: |  1  2  3  4  5  6 |
---------------+-------------------+-----
Stealth        | 1 3 4 |  4.2
Fighting       | 4 |  4.4
Dodging        | 4 |  4.2
Short Blades   | 4 |  4.1

Action                   |  1- 3 |  4- 6 || total
-------------------------+-------+-------++-------
Melee: Short sword       |    83 |    62 ||   145
       Constrict         |    19 |    12 ||    31
       Tentacles         |    14 |    14 ||    28
Invok: Berserk           |     2 |     4 ||     6
  Use: Scroll            |       |     4 ||     4
 Stab: Sleeping          |     4 |     7 ||    11
Armor: Skin              |     5 |     8 ||    13
Dodge: Dodged            |    66 |    51 ||   117

Table legend: (Time is in decaauts)
 A = Elapsed time spent in this place.
 B = Non-inter-level travel time spent in this place.
 C = Inter-level travel time spent in this place.
 D = Time resting spent in this place.
 E = Time spent auto-exploring this place.
 F = Levels seen in this place.
 G = Mean time per level.
                   A        B        C        D        E       F      G
               +--------+--------+--------+--------+--------+-----+--------+
         Total |   3658 |   3586 |     72 |    384 |   2755 |   4 |  914.5 |
       Dungeon |   3658 |   3586 |     72 |    384 |   2755 |   4 |  914.5 |
               +--------+--------+--------+--------+--------+-----+--------+

Top non-repeatable levels by time:
     D:2: 1595 daAuts
     D:1: 1159 daAuts
     D:3: 816 daAuts
     D:4: 86 daAuts
